 Dungeon Crawl Stone Soup version 0.18.1-5-g4a78601 (webtiles) character file.

91 esc the Magician (level 4, -1/25 HPs)
             Began as a Deep Elf Fire Elementalist on May 12, 2016.
             Slain by an orc priest
             ... wielding a +0 flail
              (3 damage)
             ... on level 3 of the Dungeon.
             The game lasted 00:06:00 (2220 turns).

esc the Magician (Deep Elf Fire Elementalist)       Turns: 2220, Time: 00:06:01

Health: -1/25      AC:  4    Str:  5    XL:     4   Next: 33%
Magic:  10/12      EV: 13    Int: 21    God:
Gold:   117        SH:  0    Dex: 15    Spells: 1 memorised, 10 levels left

rFire  . . .     SeeInvis .     s - +2 dagger (speed)
rCold  . . .     Gourm    .     a - +0 robe
rNeg   . . .     Faith    .     (no shield)
rPois  .         Spirit   .     e - +0 helmet
rElec  .         Dismiss  .     m - +0 cloak
rCorr  .         Reflect  .     (no gloves)
SustAt .         Harm     .     (no boots)
MR     .....                    (no amulet)
Stlth  ++........               (no ring)
                                d - +3 ring of slaying

@: very slightly contaminated, hasted, very quick, not resistant to hostile
enchantments, unstealthy
A: no striking features
a: no special abilities


You were on level 3 of the Dungeon.
You were not hungry.

You visited 1 branch of the dungeon, and saw 3 of its levels.

You collected 117 gold pieces.

Inventory:

Hand Weapons
 l - a +1 vampiric short sword {!w}
   (You took it off a kobold on level 1 of the Dungeon)
 q - a +2 spear of venom
   (You found it on level 2 of the Dungeon)
 s - a +2 dagger of speed (weapon)
   (You took it off a kobold on level 2 of the Dungeon)
Missiles
 f - 20 poisoned needles
 n - 3 stones (quivered)
 v - 6 curare-tipped needles
Armour
 a - a +0 robe (worn)
 e - a +0 helmet (worn)
   (You found it on level 1 of the Dungeon)
 m - a +0 cloak (worn)
   (You found it on level 1 of the Dungeon)
Jewellery
 d - a +3 ring of slaying (left hand)
   (You found it on level 1 of the Dungeon)
Potions
 h - 2 potions of curing
Books
 b - a book of Flames
Comestibles
 c - 2 bread rations {@e1}
 g - 7 chunks of flesh {@w0}
 k - a slice of pizza
 o - 3 meat rations {@e2}
 u - a beef jerky


   Skills:
 + Level 1.3 Fighting
 + Level 0.0 Short Blades
 + Level 3.4 Dodging
 - Level 2.4 Stealth
 + Level 4.0 Spellcasting
 + Level 1.8 Conjurations
 + Level 3.7 Fire Magic


You had 10 spell levels left.
You knew the following spells:

 Your Spells              Type           Power        Failure   Level  Hunger
a - Flame Tongue          Conj/Fire      ###..        4%          1    None


Dungeon Overview and Level Annotations

Branches:
Dungeon (3/15)

Altars:
Cheibriados
Trog


Message History

You continue eating. x2
A giant gecko comes into view.
You see here a beef jerky.
u - a beef jerky You see here 6 curare-tipped needles.
The giant gecko closely misses you.
You barely miss the giant gecko. The giant gecko barely misses you.
The giant gecko bites you.
You take 3 damage, and have 22/25 hp.
Aim: a giant gecko (clinging)
The flame tongue misses the giant gecko.
The giant gecko bites you but does no damage.
You now have 11/12 mp.
Aim: a giant gecko (clinging)
The flame tongue hits the giant gecko.
You kill the giant gecko!
You now have 10/12 mp.
A rat comes into view.
You see here a giant gecko corpse.
You butcher the giant gecko corpse.
You see here a chunk of flesh {@w0}.
You see here a chunk of flesh {@w0}.
Aim: a rat (resting)
The flame tongue hits the rat.
You kill the rat!
You now have 9/12 mp.
g - 7 chunks of flesh {@w0} (gained 1)
v - a scroll labeled MOUBEU FALEYNT Read which item? (? for menu, Esc to quit)
As you read the scroll labeled MOUBEU FALEYNT, it crumbles to dust.
You feel as if something is helping you.
It was a scroll of remove curse.
v - 6 curare-tipped needles Wield which item (- for none, * to show all)? (? for menu, Esc to quit)
Your hands tingle!
t - a +0 short sword of speed (weapon)
Wield which item (- for none, * to show all)? (? for menu, Esc to quit)
Your +2 spear of venom begins to drip with poison!
q - a +2 spear of venom (weapon)
Wield which item (- for none, * to show all)? (? for menu, Esc to quit)
Your +2 spear of venom stops dripping with poison.
Your hands tingle!
s - a +2 dagger of speed (weapon)
Wield which item (- for none, * to show all)? (? for menu, Esc to quit)
Okay, then.
Drop what? 22/52 slots (_ for help) (? for menu, Esc to quit)
You drop a +0 club.
You drop a dagger.
You drop a +0 short sword of speed.
A hobgoblin comes into view. It is wielding a club.
The hobgoblin shouts!
Health restored: 25; MP restored: 12 You hit the hobgoblin.
The hobgoblin hits you with a club.
You take 4 damage, and have 21/25 hp.
You hit the hobgoblin. The hobgoblin barely misses you.
You hit the hobgoblin but do no damage. You hit the hobgoblin.
The hobgoblin hits you but does no damage.
You closely miss the hobgoblin. You hit the hobgoblin.
You kill the hobgoblin!
No target in view!
f - 20 poisoned needles (gained 10)
Found a stone staircase leading down.
Found a stone staircase leading up.
A goblin and a hobgoblin come into view.
The goblin shouts!
Aim: a goblin The flame tongue hits the goblin.
You kill the goblin!
You now have 11/12 mp.
Aim: a hobgoblin, wielding a club The flame tongue hits the hobgoblin.
You now have 10/12 mp.
Aim: a hobgoblin, wielding a club (heavily wounded)
The flame tongue hits the hobgoblin.
You kill the hobgoblin!
You now have 9/12 mp.
An orc and an orc priest come into view.
The orc priest calls down the wrath of Beogh upon you.
Beogh smites you!
You take 9 damage, and have 15/25 hp.
MASSIVE DAMAGE!!
You start resting.
Aim: an orc priest, wielding a flail and wearing a leather armour The flame tongue misses the orc priest.
The orc priest calls down the wrath of Beogh upon you.
Beogh smites you!
Ouch! That really hurt!
* * * LOW HITPOINT WARNING * * *
You take 14 damage, and have 2/25 hp.
MASSIVE DAMAGE!!
You now have 9/12 mp.
Drink which item? (? for menu, Esc to quit)
It was a potion of haste.
You feel yourself speed up.
You are very lightly contaminated with residual magic.
Drink which item? (? for menu, Esc to quit)
It was a potion of cure mutation.
It has a very clean taste.
The orc priest hits you with a flail.
You die...

....# ####.##.###.# ....#
#.......###.# .....
#...........#
.....##.......##### ....(#
......#####...# .....##
....#.######..#### ..o.o..
.................# ....(#
####.#.###.......# .....#
.....#..##......@# .....#
.##..##.##......o###†....#
.#...# ..#..........)....#
.#..## #.....>..####.#.###
....# #........(. ...
...## #..#....... ####
#### ..#....... #.....
......


You could see an orc priest.

Vanquished Creatures
  3 adders (D:2)
  3 worms (D:2)
  A dart slug (D:1)
  2 giant geckos
  2 giant cockroaches
  4 goblins
  9 hobgoblins
  4 jackals (D:1)
  3 quokkas
  A ball python (D:2)
  4 bats
  3 giant newts
  5 kobolds
  6 rats
50 creatures vanquished.

Notes
Turn   | Place    | Note
--------------------------------------------------------------
     0 | D:1      | esc the Deep Elf Fire Elementalist began the quest for the Orb.
     0 | D:1      | Reached XP level 1. HP: 10/10 MP: 6/6
   389 | D:1      | Reached XP level 2. HP: 5/16 MP: 0/8
   684 | D:1      | Found a snail-covered altar of Cheibriados.
  1258 | D:2      | Reached skill level 1 in Fighting
  1258 | D:2      | Reached XP level 3. HP: 20/20 MP: 1/10
  1300 | D:2      | Found a bloodstained altar of Trog.
  1553 | D:2      | Reached skill level 3 in Dodging
  1724 | D:2      | Reached skill level 4 in Spellcasting
  1819 | D:2      | Reached XP level 4. HP: 14/25 MP: 6/12
  2218 | D:3      | HP: 2/25 [orc priest/divine providence (14)]
  2220 | D:3      | Slain by an orc priest

Skill      XL: |  1  2  3 |
---------------+----------+-----
Fighting       | 1 |  1.3
Dodging        | 3 |  3.4
Spellcasting   | 4 |  4.0
Stealth        | |  2.4
Conjurations   | |  1.8
Fire Magic     | |  3.7

Action                   |  1- 3 |  4- 6 || total
-------------------------+-------+-------++-------
Melee: Unarmed           |     6 |       ||     6
       Club              |     9 |     5 ||    14
       Dagger            |       |     6 ||     6
 Cast: Flame Tongue      |    76 |    12 ||    88
  Use: Scroll            |     4 |     2 ||     6
       Potion            |       |     2 ||     2
 Stab: Sleeping          |     4 |       ||     4
  Eat: Chunk             |     3 |     1 ||     4
Armor: Robe              |    21 |     3 ||    24
Dodge: Dodged            |    38 |     5 ||    43

Vault maps used:
D:1:      lemuel_arrival_muddy, st_stairs_10, cheibriados_altar_1
D:2:      lemuel_round_altar, first_bread
D:3:      makhleb_altar_promises_db, uniq_jessica, uniq_natasha

Table legend:
 A = Turns spent in this place as a percentage of turns spent in the entire game.
 B = Non-inter-level travel turns spent in this place as a percentage of non-inter-level travel turns spent in the entire game.
 C = Inter-level travel turns spent in this place as a percentage of turns spent in this place.
 D = Turns resting spent in this place as a percentage of non-inter-level travel turns spent in this place.
 E = Turns spent auto-exploring this place as a percentage of non-inter-level travel turns spent in this place.
 F = Non-inter-level travel turns spent in this place divided by the number of levels of this place that you've seen.
                   A       B       C       D       E      F
               +-------+-------+-------+-------+-------+----------------------
         Total | 100.0 | 100.0 |   0.6 |   4.6 |  11.8 | 180.7
       Dungeon | 100.0 | 100.0 |   0.6 |   4.6 |  11.8 | 180.7
               +-------+-------+-------+-------+-------+----------------------

Table legend:
 A = Kills in this place as a percentage of kills in entire the game.
 B = Kills by you in this place as a percentage of kills by you in the entire game.
 C = Kills by friends in this place as a percentage of kills by friends in the entire game.
 D = Other kills in this place as a percentage of other kills in the entire game.
 E = Experience gained in this place as a percentage of experience gained in the entire game.
 F = Experience gained in this place divided by the number of levels of this place that you have seen.
                   A       B       C       D       E      F
               +-------+-------+-------+-------+-------+----------------------
         Total | 100.0 | 100.0 |  -nan |  -nan | 100.0 |  43.3
       Dungeon | 100.0 | 100.0 |  -nan |  -nan | 100.0 |  43.3
               +-------+-------+-------+-------+-------+----------------------
